 Dungeon Crawl Stone Soup version 0.18.1-47-g9310371 (webtiles) character file.

2608 Anmu the Shield-Bearer (level 9, -5/84 HPs)
             Began as a Gargoyle Fighter on June 17, 2016.
             Was a Believer of Trog.
             Splashed by an oklob plant's acid (10 damage)
             ... on level 7 of the Dungeon.
             The game lasted 00:24:20 (6470 turns).

Anmu the Shield-Bearer (Gargoyle Fighter)           Turns: 6470, Time: 00:24:21

Health: -5/84      AC:  8    Str: 27    XL:     9   Next: 59%
Magic:  9/9        EV:  9    Int:  8    God:    Trog [**....]
Gold:   273        SH: 11    Dex: 11    Spells: 0 memorised, 8 levels left

rFire  + . .     SeeInvis .     a - +0 war axe
rCold  . . .     Gourm    .     D - +0 chain mail
rNeg   + . .     Faith    .     c - +0 shield
rPois  ∞         Spirit   .     (no helmet)
rElec  +         Dismiss  .     q - +0 cloak
rCorr  .         Reflect  .     (no gloves)
SustAt .         Harm     .     n - +0 pair of boots
MR     .....                    (no amulet)
Stlth  ..........               E - ring of protection from fire
                                F - +2 ring of protection

@: berserking, corroded, very quick, not resistant to hostile enchantments,
extremely unstealthy
A: negative energy resistance 1, electricity resistance, unbreathing,
petrification resistance, rot immunity, AC +5
a: Berserk, Trog's Hand, Burn Spellbooks, Renounce Religion


You were on level 7 of the Dungeon.
You worshipped Trog.
Trog was pleased with you.
You were not hungry.

You visited 2 branches of the dungeon, and saw 8 of its levels.

You collected 273 gold pieces.

Inventory:

Hand Weapons
 a - a +0 war axe (weapon)
 b - a +0 club
Armour
 c - a +0 shield (worn)
 n - a +0 pair of boots (worn)
 q - a +0 cloak (worn)
 D - a +0 chain mail (worn)
Jewellery
 E - a ring of protection from fire (right hand)
 F - a +2 ring of protection (left hand)
 I - an uncursed ring of protection from cold {unknown}
Wands
 u - a wand of polymorph (14/24)
 J - a wand of flame (32/48)
Scrolls
 e - 8 scrolls of identify {unknown}
 h - a scroll of enchant armour {unknown}
 m - 4 scrolls of blinking {unknown}
 o - a scroll of recharging {unknown}
 p - a scroll of fog {unknown}
 s - 5 scrolls of amnesia {unknown}
 t - a scroll of noise {unknown}
 x - a scroll of teleportation {unknown}
 y - a scroll of random uselessness {unknown}
 A - a scroll of enchant weapon {unknown}
 G - a scroll of brand weapon {unknown}
 L - a scroll of immolation {unknown}
 M - a scroll of vulnerability {unknown}
Potions
 d - 3 potions of might
 g - a potion of haste {unknown}
 j - 3 potions of agility {unknown}
 k - 4 potions of brilliance {unknown}
 r - a potion of degeneration {unknown}
 w - a potion of lignification {unknown}
 B - a potion of cure mutation {unknown}
 H - a potion of magic {unknown}
 K - a potion of curing {unknown}
Comestibles
 f - 6 bread rations
 i - 6 meat rations
 l - a slice of pizza
 v - 6 fruits
 z - 4 chunks of flesh
 C - a beef jerky


   Skills:
 + Level 6.4 Fighting
 + Level 5.7 Axes
 + Level 6.7 Armour
 + Level 4.5 Dodging
 + Level 1.6 Stealth
 + Level 7.5 Shields


You had 8 spell levels left.
You didn't know any spells.

Dungeon Overview and Level Annotations

Branches:
Dungeon (7/15)             Temple (1/1) D:5

Altars:
Ashenzari
Cheibriados
Dithmenos
Elyvilon
Fedhas
Gozag
Kikubaaqudgha
Makhleb
Nemelex Xobeh
Okawaru
Pakellas
Qazlal
Ru
Sif Muna
Trog
Vehumet
Xom
Yredelemnul
Zin
The Shining One

Shops:
D:7 =

Annotations:
D:7 exclusion: oklob plant


Innate Abilities, Weirdness & Mutations

You are resistant to torment.
Your stone body is resilient (AC +5).
You are immune to poison.
You resist negative energy.
You are resistant to electric shocks.
You can survive without breathing.
You are immune to petrification.
You are immune to rotting.


Message History

The oklob plant is severely damaged.
You hit the plant but do no damage.
The plant is lightly damaged.
The oklob plant spits acid at you. The splash of acid hits you!
The acid corrodes you!
The acid burns!
You hit the oklob plant.
The oklob plant is severely damaged.
You hit the plant but do no damage.
The plant is lightly damaged.
The oklob plant spits acid at you. The splash of acid hits you!
The acid burns!
* * * LOW HITPOINT WARNING * * *
A red film seems to cover your vision as you go berserk!
You feel yourself moving faster!
You feel mighty!
You feel somewhat more hungry. The oklob plant spits acid at you.
The splash of acid hits you!
* * * LOW HITPOINT WARNING * * *
The acid corrodes you!
The acid burns!
You die...

#.# #.# #.# #.#
#.##################.##
#..............).)....#
###################...#
. #.........##.#.# >.
#.#.#.###.##.#.# ..
#.......#....#.# ..
#...##.@######.. ..
#.....P_P# ## ##
#......P... #
##.......### #
+.......# # ##
#.......# # ..
+.......+
######.####....>..#
...........


You could see an oklob plant.

Vanquished Creatures
  3 ice beasts (D:5)
  An orc warrior (D:7)
  3 phantoms (D:4)
  A centaur (D:5)
  3 ogres
  The ghost of Wardy2 the Poker, an amateur HuFi (D:3)
  2 giant frogs (D:6)
  4 scorpions
  A water moccasin skeleton (D:5)
  4 crimson imps
  A jelly (D:6)
  A hound (D:6)
  4 orc priests
  A centaur skeleton (D:6)
  A giant frog skeleton (D:5)
  3 iguanas
  6 orc wizards
  Jessica (D:2)
  Natasha (twice) (D:4)
  8 worker ants
  A hound skeleton (D:4)
  3 gnolls (D:6)
  13 adders
  2 shadow imps
  2 oozes
  An adder skeleton (D:6)
  3 dart slugs
  5 worms
  A giant gecko (D:4)
  31 orcs
  3 giant cockroaches
  4 goblins
  8 hobgoblins
  7 jackals (D:3)
  7 kobolds
  2 quokkas
  3 bats
  3 giant newts
  5 rats
  2 butterflies (D:5)
  A plant (D:7)
158 creatures vanquished.

Notes
Turn   | Place    | Note
--------------------------------------------------------------
     0 | D:1      | Anmu the Gargoyle Fighter began the quest for the Orb.
     0 | D:1      | Reached XP level 1. HP: 14/14 MP: 1/1
   127 | D:1      | Reached XP level 2. HP: 10/19 MP: 2/2
   805 | D:2      | Noticed Jessica
   822 | D:2      | Killed Jessica
   822 | D:2      | Reached XP level 3. HP: 11/24 MP: 3/3
  1021 | D:2      | Found a sacrificial altar of Ru.
  1021 | D:2      | Found a glowing golden altar of the Shining One.
  1036 | D:2      | Found an opulent altar of Gozag.
  1197 | D:2      | Reached XP level 4. HP: 29/29 MP: 4/4
  1474 | D:2      | Reached skill level 4 in Shields
  1525 | D:3      | Reached skill level 1 in Dodging
  1751 | D:3      | Reached XP level 5. HP: 30/33 MP: 5/5
  1807 | D:3      | Noticed Wardy2's ghost (amateur HuFi)
  1822 | D:3      | Killed Wardy2's ghost
  1967 | D:3      | Reached XP level 6. HP: 38/38 MP: 6/6
  2542 | D:4      | Noticed a phantom
  2593 | D:4      | Killed a phantom
  2593 | D:4      | Reached skill level 5 in Shields
  2631 | D:4      | Reached XP level 7. HP: 28/44 MP: 7/7
  3043 | D:4      | Noticed Natasha
  3052 | D:4      | Killed Natasha
  3214 | D:4      | Reached skill level 1 in Stealth
  3365 | D:4      | Found an ancient bone altar of Kikubaaqudgha.
  3377 | D:4      | Found a basalt altar of Yredelemnul.
  3418 | D:4      | Found a snail-covered altar of Cheibriados.
  3450 | D:4      | Reached skill level 5 in Fighting
  3653 | D:4      | Reached skill level 5 in Armour
  3653 | D:4      | Reached XP level 8. HP: 42/49 MP: 8/8
  3657 | D:4      | Noticed Natasha
  3670 | D:4      | Killed Natasha
  3883 | D:5      | Entered Level 5 of the Dungeon
  3927 | D:5      | Noticed a water elemental
  3928 | D:5      | Found a stormy altar of Qazlal.
  3929 | D:5      | Noticed an air elemental
  3940 | D:5      | Reached skill level 6 in Shields
  4144 | D:5      | Found a staircase to the Ecumenical Temple.
  4148 | Temple   | Entered the Ecumenical Temple
  4338 | Temple   | Became a worshipper of Trog the Wrathful
  4740 | D:5      | Found a sparkling altar of Nemelex Xobeh.
  4970 | D:5      | Reached XP level 9. HP: 53/55 MP: 9/9
  5048 | D:6      | Reached * piety under Trog
  5048 | D:6      | Reached skill level 5 in Axes
  5172 | D:6      | Found a blossoming altar of Fedhas.
  5436 | D:6      | Reached skill level 7 in Shields
  5528 | D:6      | Found a burning altar of Makhleb.
  5529 | D:6      | Found a shimmering altar of Xom.
  6039 | D:7      | Found Syuchelu's Jewellery Boutique.
  6068 | D:7      | Reached ** piety under Trog
  6442 | D:7      | Found a blossoming altar of Fedhas.
  6442 | D:7      | Noticed an oklob plant
  6470 | D:7      | Splashed by an oklob plant's acid

Skill      XL: |  1  2  3  4  5  6  7  8  9 |
---------------+----------------------------+-----
Axes           | 2 3 4 5 |  5.7
Armour         | 4 5 6 |  6.7
Shields        | 4 5 6 7 |  7.5
Dodging        | 1 2 3 4 |  4.5
Fighting       | 4 5 6 |  6.4
Stealth        | 1 |  1.6

Action                   |  1- 3 |  4- 6 |  7- 9 || total
-------------------------+-------+-------+-------++-------
Melee: War axe           |   113 |   193 |   504 ||   810
Invok: Burn Spellbooks   |       |       |     3 ||     3
       Berserk           |       |       |     4 ||     4
  Eat: Chunk             |     1 |     5 |    17 ||    23
Armor: Scale mail        |    45 |   123 |    95 ||   263
       Chain mail        |       |       |   157 ||   157
Dodge: Dodged            |    19 |    83 |   142 ||   244
Block: Shield            |    59 |   128 |   228 ||   415
